 Dungeon Sprint DCSS version 0.26-a0-1184-g95e395e029 (webtiles) character file.

Game seed: 4588258816844783675

83463 Hipnos the Gargoyle Cataclysm (level 15, -5/103 HPs)
             Began as a Gargoyle Monk on Dec 27, 2020.
             Was a High Priest of Qazlal.
             Killed from afar by the Serpent of Hell (8 damage)
             ... with a fireball
             ... in the Dungeon (Sprint V: "Ziggurat Sprint").
             The game lasted 00:20:05 (2439 turns).

Hipnos the Gargoyle Cataclysm (Gargoyle Monk)       Turns: 2439, Time: 00:20:06

Health: -5/103     AC: 37    Str: 29    XL:     15   Next: 77%
Magic:  9/33       EV: 10    Int: 12    God:    Qazlal [*****.]
Gold:   0          SH:  7    Dex:  9    Spells: 43/43 levels left

rFire    + + +     SeeInvis .   E - +7 great mace "Firestarter" {inner flame, rF++}
rCold    + . .     Faith    .   (shield currently unavailable)
rNeg     + + +     Spirit   .   F - +5 gold dragon scales
rPois    ∞         Reflect  .   (no helmet)
rElec    +         Harm     .   (no cloak)
rCorr    .         Rampage  .   R - +0 pair of gloves {Str+3}
Will     +++++     Clarity  +   (no boots) Stlth ..........NoTele +
                                V - amulet of the Four Winds {rN+ Will+++ Clar}
HPRegen  0.27/turn              y - +6 ring of strength
MPRegen  0.23/turn              K - ring "Pococ" {*Corrode rN+ Will+++ Dex-3 Stlth+}

@: protected from fire, corroded, studying 2 skills, repel missiles
A: big wings, negative energy resistance 1, electricity resistance, unbreathing,
petrification resistance, miasma immunity, AC +11
a: Fly, Renounce Religion, Upheaval, Elemental Force, Disaster Area


You were in the Dungeon.
You worshipped Qazlal.
Qazlal was extremely pleased with you.
You visited 1 branch

Inventory:

Hand Weapons
 a - a +0 mace
 E - the +7 great mace "Firestarter" (weapon) {inner flame, rF++}
   (You found it in the Dungeon)

   It has been specially enchanted to burn those struck by it, causing extra
   injury to most foes and up to half again as much damage against particularly
   susceptible opponents.
   It greatly protects you from fire.
Armour
 b - a +0 robe
 F - +5 gold dragon scales (worn)
 R - a +0 pair of gloves of strength (worn)
Jewellery
 l - an uncursed ring of willpower
 t - an uncursed ring of flight
 u - a +6 ring of dexterity
 v - a +6 ring of dexterity
 w - a +6 ring of intelligence
 x - a +6 ring of intelligence
 y - a +6 ring of strength (left hand)
 z - a +6 ring of strength
 G - the brooch of Shielding {Spirit SH+8}
   (You found it in the Dungeon)

   [amulet of guardian spirit]

   It causes incoming damage to be split between your health and magic.
   It affects your SH (+8).
 I - an uncursed amulet of faith
 J - the ring "Wacugg" {Fire +Inv rPois Str-2}
   (You found it in the Dungeon)

   [ring of fire]

   It enhances your fire magic.
   It affects your strength (-2).
   It protects you from fire.
   It makes you vulnerable to cold.
   It protects you from poison.
   It lets you turn invisible.
 K - the ring "Pococ" (right hand) {*Corrode rN+ Will+++ Dex-3 Stlth+}
   (You found it in the Dungeon)

   [ring of positive energy]

   It affects your dexterity (-3).
   It protects you from negative energy.
   It affects your willpower, your defense against some magical effects.
   It may corrode you when you take damage.
   It makes you more stealthy.
 L - a +6 ring of strength
 M - an uncursed amulet of regeneration
 N - a +6 ring of dexterity
 O - the ring "Qarit" {Int+4 Dex+6 Stlth+}
   (You found it in the Dungeon)

   [ring of dexterity]

   It affects your intelligence (+4).
   It affects your dexterity (+6).
   It makes you more stealthy.
 Q - an uncursed ring of willpower
 S - the ring of Weyq {Str+4 SInv}
   (You found it in the Dungeon)

   [ring of see invisible]

   It affects your strength (+4).
   It lets you see invisible.
 T - the macabre finger necklace {rN+}
   (You found it in the Dungeon)

   [amulet of nothing]

   It protects you from negative energy.
 V - the amulet of the Four Winds (around neck) {rN+ Will+++ Clar}
   (You found it in the Dungeon)

   [amulet of nothing]

   It protects you from negative energy.
   It affects your willpower, your defense against some magical effects.
   It protects you against confusion.
Wands
 A - a wand of disintegration (7)
 B - a wand of iceblast (7)
 C - a wand of acid (7)
Scrolls
 h - 4 scrolls of blinking
 n - 4 scrolls of amnesia
 o - 7 scrolls of fog
 p - a scroll of holy word
 q - 5 scrolls of identify
 r - 5 scrolls of remove curse
 s - 2 scrolls of fear
 H - 4 scrolls of enchant weapon
Potions
 c - 10 potions of curing
 d - 5 potions of heal wounds
 e - 10 potions of haste
 f - 6 potions of magic
 g - 3 potions of berserk rage
 i - 2 potions of brilliance
 j - 2 potions of invisibility
 k - 4 potions of resistance
 m - 5 potions of might
Books
 P - a manual of Slings
 U - a manual of Throwing
Miscellaneous
 D - a lightning rod (4/4)


   Skills:
 + Level 15.3 Fighting
 + Level 18.5 Maces & Flails
 * Level 20.6 Armour
 + Level 7.4 Dodging
 - Level 2.1 Stealth
 + Level 16.3 Shields
 * Level 14.9 Spellcasting
 * Level 23.9 Invocations


You had 43 spell levels left.
You didn't know any spells.
Your spell library contained the following spells:

 Spells                   Type           Power        Failure   Level
 Magic Dart               Conj           32%          58%         1
 Pain                     Necr           32%          58%         1
 Sandblast                Erth           16%          58%         1
 Shock                    Conj/Air       32%          58%         1
 Passwall                 Tmut/Erth      6%           75%         2
 Searing Ray              Conj           16%          75%         2
 Dazzling Flash           Conj/Hex       16%          92%         3
 Stone Arrow              Conj/Erth      16%          92%         3
 Animate Dead             Necr           4%           100%        4
 Fulminant Prism          Conj/Hex       4%           100%        4
 Iskenderun's Mystic Bla  Conj/Tloc      8%           100%        4
 Petrify                  Tmut/Erth      8%           100%        4
 Borgnjor's Vile Clutch   Necr/Erth      4%           100%        5
 Lee's Rapid Deconstruct  Erth           4%           100%        5
 Death Channel            Necr           4%           100%        6
 Freezing Cloud           Conj/Ice/Air   4%           100%        6
 Simulacrum               Ice/Necr       4%           100%        6
 Sublimation of Blood     Necr           Unusable     N/A         2

Dungeon Overview and Level Annotations

Branches:
Dungeon (1/1)

Altars:
Ashenzari
Cheibriados
Dithmenos
Elyvilon
Fedhas
Gozag
Hepliaklqana
Kikubaaqudgha
Makhleb
Nemelex Xobeh
Okawaru
Qazlal
Ru
Sif Muna
Trog
Uskayaw
Vehumet
Wu Jian
Xom
Yredelemnul
Zin
The Shining One
Beogh
Jiyva
Lugonu

Annotations:
D Asmodeus, Dispater, Ignacio, Roxanne, Serpent of Hell


Innate Abilities, Weirdness & Mutations

You are resistant to torment.
Your stone body is resilient. (AC +11)
You are immune to poison.
Your large and strong wings let you fly indefinitely.
You resist negative energy. (rN+)
You are resistant to electric shocks. (rElec)
You can survive without breathing.
You are immune to petrification.
You are immune to miasma.


Message History

Ignacio hits you with a +5 executioner's axe of pain.
* * * LOW HITPOINT WARNING * * *
You block Ignacio's attack.
The Serpent of Hell roars!
A dragon appears.
Ignacio grins with joy.
Ignacio barely misses you. Ignacio hits you but does no damage.
You block Ignacio's attack. Ignacio hits you but does no damage.
Dispater gestures at you.
The crystal spear is repelled.
The crystal spear hits the ice dragon!!!
The Serpent of Hell breathes flames at you.
The blast of flame hits you! You resist.
* * * LOW HITPOINT WARNING * * *
The Serpent of Hell breathes flames at you.
The blast of flame is repelled.
The Serpent of Hell breathes fire at you.
The fireball explodes!
The fireball engulfs you! You resist.
You feel more protected from fire.
You die...

▓...).○○[))≈≈.≈ ▓....).
▓≈≈§.§≈§§≈≈.§.. ▓.≈.≈≈≈
▓≈.§≈≈≈≈§§§.≈.. ▓≈...≈.
▓≈.§§.§§§§§§≈...▓≈≈▓≈(.
▓.§§≈§§≈≈)§§.≈..▓.▓▓▓.)
▓§≈§.☼☼○§≈≈≈§§..▓≈≈▓..(
▓.§.≈°&§§≈≈≈§§..▓≈.....
▓≈§○°D1&§○≈≈≈...▓≈≈≈.≈.
▓≈§§○○@☼○§≈≈≈≈..▓▓▓▓▓▓▓
▓≈≈≈○D°§§≈§.§§..▓.....8
▓≈≈○°§§§.≈§§§§..▓.:|})}
▓..≈..§≈§§§§§...▓..).:[
▓▓▓▓▓▓▓▓▓▓▓▓▓▓▓▓▓......
▓.††... ▓..†... ▓..†...
▓....†.


You could see Asmodeus (clouds), Dispater (frozen), the Serpent of Hell
(catching breath), Ignacio (fast, frozen) and an ice dragon (summoned).

Vanquished Creatures
  Khufu (D)
  Boris (D)
  Xtahua (D)
  Margery (D)
  A lich (D)
  Rupert (D)
  A deep elf master archer (D)
  A deep elf blademaster (D)
  Donald (D)
  Ilsuiw (D)
  3 emperor scorpions (D)
  2 stone giants (D)
  3 reapers (D)
  An entropy weaver (D)
  Nessos (D)
  A vampire knight (D)
  Azrael (D)
  5 merfolk javelineers (D)
  Snorg (D)
  A merfolk impaler (D)
  Erolcha (D)
  8 vault guards (D)
  A yaktaur captain (D)
  2 deep elf high priests (D)
  A merfolk avatar (D)
  An alligator snapping turtle (D)
  A satyr (D)
  A dancing weapon (D)
  A merfolk aquamancer (D)
  A vampire mage (D)
  An orc high priest (D)
  A deep elf knight (D)
  Nergalle (D)
  2 skeletal warriors (D)
  A sea snake (D)
  A glowing orange brain (shapeshifter) (D)
  A deep elf archer (D)
  A necromancer (D)
  An orc knight (D)
  4 deep elf magi (D)
  5 orb spiders (D)
  A shining eye (D)
  7 wolf spiders (D)
  4 ugly things (D)
  3 orc sorcerers (D)
  A moth of wrath (D)
  Joseph (D)
  A naga mage (D)
  Psyche (D)
  A rust devil (D)
  2 black mambas (D)
  3 torpor snails (D)
  A hellion (D)
  A komodo dragon (D)
  4 yaktaurs (D)
  A rime drake (shapeshifter) (D)
  4 demonic crawlers (D)
  A tormentor (D)
  A red devil (D)
  2 merfolk (D)
  A polar bear (D)
  2 wind drakes (D)
  8 jumping spiders (D)
  A troll (D)
  2 hornets (D)
  2 snapping turtles (D)
  5 redbacks (D)
  4 shadows (D)
  3 air elementals (D)
  Sigmund (D)
  3 tarantellas (D)
  A water elemental (D)
  2 yaks (D)
  A golden eye (D)
  2 large abominations (D)
  A naga (D)
  Duvessa (D)
  2 water moccasins (D)
  A hell hound (D)
  A floating eye (D)
  A necrophage (D)
  An ice beast (D)
  3 orc warriors (D)
  An ogre (D)
  2 wolves (D)
  Blork the orc (D)
  A bullfrog (D)
  2 scorpions (D)
  3 wights (D)
  A crimson imp (D)
  A quasit (D)
  A jelly (D)
  6 iron imps (D)
  Terence (D)
  A river rat (D)
  A shadow imp (D)
  A white imp (D)
  An ufetubus (D)
  An ooze (D)
  An adder zombie (D)
  An adder skeleton (D)
  An adder simulacrum (D)
  2 bat skeletons (D)
  2 bat zombies (D)
  A jackal (D)
  3 ball pythons (D)
  A giant cockroach zombie (D)
  2 jackal skeletons (D)
  A jackal zombie (D)
  A leopard gecko simulacrum (D)
  A leopard gecko zombie (D)
  A quokka skeleton (D)
  2 quokka zombies (D)
  A crawling corpse (D)
201 creatures vanquished.

Vanquished Creatures (collateral kills)
  A merfolk javelineer (D)
  A merfolk aquamancer (D)
  A wolf spider (D)
3 creatures vanquished.

Vanquished Creatures (others)
  2 pandemonium lords (D)
  An Executioner (D)
  A balrug (D)
  A rakshasa (D)
  A red devil (D)
  A jumping spider (D)
  2 wind drakes (D)
  A redback (shapeshifter) (D)
  A bat skeleton (D)
  A bat zombie (D)
12 creatures vanquished.

Grand Total: 216 creatures vanquished

Notes
Turn   | Place    | Note
-------+----------+-------------------------------------------
     0 | D        | Hipnos the Gargoyle Monk began the quest for the Orb.
     0 | D        | Reached XP level 1. HP: 14/14 MP: 1/1
     0 | D        | Found a shimmering blue altar of Sif Muna.
     0 | D        | Found a bloodstained altar of Trog.
     0 | D        | Found a sacrificial altar of Ru.
     0 | D        | Found a stormy altar of Qazlal.
     0 | D        | Found an iron altar of Okawaru.
     0 | D        | Banished a spatial maelstrom
     1 | D        | Found a sparkling altar of Nemelex Xobeh.
     1 | D        | Found a blossoming altar of Fedhas.
     2 | D        | Found the +6 Majin-Bo {vamp, MP+6 Int+6}
     2 | D        | Found the +9 heavy crossbow "Sniper" {vorpal, Acc+∞ SInv}
     2 | D        | Found the +10 dark maul {vorpal}
     2 | D        | Found the +15 Maxwell's patent armour {-Cast -Tele rElec
                  | Will+ rCorr}
     2 | D        | Found the +18 shield of the Gong {rElec rN+ Will+ EV-5}
     2 | D        | Found the cursed +14 obsidian axe {vorpal, +Fly SInv
                  | *Curse}
     2 | D        | Found the +7 great mace "Firestarter" {inner flame, rF++}
     2 | D        | Found the +6 shillelagh "Devastator" {shatter}
     2 | D        | Found the +11 plutonium sword {*Contam Stlth-}
     2 | D        | Found the +8 lance "Wyrmbane" {slay drac, rPois rF+ rC+
                  | AC+3}
     2 | D        | Found the +9 sword of Zonguldrok {reap}
     2 | D        | Found the cursed +13 scythe of Curses {drain, *Curse}
     2 | D        | Found the +5 sword of Power {vorpal}
     2 | D        | Found the +7 mace of Variability {chain chaos}
     2 | D        | Found the +7 Singing Sword {vorpal, sonic wave}
     2 | D        | Found the +8 storm bow {elec, penet}
     4 | D        | Found an ancient bone altar of Kikubaaqudgha.
     4 | D        | Found a transporter.
     4 | D        | Found a corrupted altar of Lugonu.
     4 | D        | Found a viscous altar of Jiyva.
     4 | D        | Found a burning altar of Makhleb.
     4 | D        | Found a hazy altar of Hepliaklqana.
     4 | D        | Found an opulent altar of Gozag.
    22 | D        | Became a worshipper of Qazlal Stormbringer
    22 | D        | Reached * piety under Qazlal
    22 | D        | Reached ** piety under Qazlal
    44 | D        | Killed a balrug
    58 | D        | Reached skill level 3 in Invocations
    58 | D        | Reached XP level 2. HP: 20/20 MP: 1/5
    72 | D        | Entered arena 2.
    72 | D        | Noticed a bullfrog
    72 | D        | Found a transporter.
    73 | D        | Found the +7 great mace "Undeadhunter" {disrupt, rN+}
    74 | D        | Killed a bullfrog
    75 | D        | Reached skill level 5 in Fighting
    75 | D        | Reached skill level 5 in Maces & Flails
    75 | D        | Reached skill level 4 in Invocations
    75 | D        | Reached XP level 3. HP: 17/26 MP: 2/6
    75 | D        | Reached XP level 4. HP: 20/31 MP: 2/7
   170 | D        | Killed a red devil
   184 | D        | Entered arena 3.
   184 | D        | Noticed a tarantella
   184 | D        | Found a transporter.
   185 | D        | Killed a tarantella
   186 | D        | Reached skill level 5 in Dodging
   186 | D        | Reached skill level 5 in Invocations
   186 | D        | Reached XP level 5. HP: 37/37 MP: 3/9
   186 | D        | Reached XP level 6. HP: 42/42 MP: 3/10
   191 | D        | Reached skill level 6 in Invocations
   192 | D        | Reached *** piety under Qazlal
   242 | D        | Entered arena 4.
   242 | D        | Noticed an ice beast
   242 | D        | Noticed a polar bear
   242 | D        | Found a transporter.
   248 | D        | Killed a polar bear
   248 | D        | Killed an ice beast
   248 | D        | Reached **** piety under Qazlal
   249 | D        | Reached skill level 7 in Invocations
   249 | D        | Reached XP level 7. HP: 39/50 MP: 10/12
   259 | D        | Entered arena 5.
   259 | D        | Noticed a golden eye
   259 | D        | Found a transporter.
   261 | D        | Paralysed by a floating eye for 2 turns
   262 | D        | Killed a golden eye
   265 | D        | Reached XP level 8. HP: 37/56 MP: 13/13
   274 | D        | Entered arena 6.
   274 | D        | Found a transporter.
   275 | D        | Reached ***** piety under Qazlal
   285 | D        | Reached skill level 8 in Invocations
   388 | D        | Entered arena 7.
   388 | D        | Noticed a komodo dragon
   388 | D        | Noticed a yak
   388 | D        | Noticed a yak
   389 | D        | Found a transporter.
   392 | D        | Killed a yak
   393 | D        | Reached skill level 1 in Shields
   394 | D        | Killed a yak
   394 | D        | Reached ****** piety under Qazlal
   395 | D        | Killed a komodo dragon
   396 | D        | Reached skill level 10 in Fighting
   396 | D        | Reached skill level 10 in Maces & Flails
   396 | D        | Reached skill level 9 in Invocations
   404 | D        | Entered arena 8.
   404 | D        | Noticed a wind drake
   404 | D        | Noticed an air elemental
   404 | D        | Noticed a wind drake
   404 | D        | Noticed an air elemental
   404 | D        | Noticed a wind drake
   404 | D        | Noticed an air elemental
   405 | D        | Found the brooch of Shielding {Spirit SH+8}
   405 | D        | Killed an air elemental
   405 | D        | Killed an air elemental
   406 | D        | Reached XP level 9. HP: 50/63 MP: 7/16
   406 | D        | Found a transporter.
   406 | D        | Killed a wind drake
   407 | D        | Killed a wind drake
   407 | D        | Killed a wind drake
   410 | D        | Reached skill level 10 in Invocations
   563 | D        | Killed Aroreif the pandemonium lord
   566 | D        | Killed an Executioner
   609 | D        | Got the Disquisition on Feathers and Unholy Arts
   615 | D        | Entered arena 9.
   615 | D        | Noticed a rime drake
   615 | D        | Noticed a brown ugly thing
   615 | D        | Noticed a sea snake
   615 | D        | Noticed a red ugly thing
   615 | D        | Noticed a shining eye
   615 | D        | Noticed a red ugly thing
   615 | D        | Noticed a brown ugly thing
   616 | D        | Found a transporter.
   618 | D        | Killed a rime drake
   618 | D        | Killed a shining eye
   618 | D        | Killed a brown ugly thing
   619 | D        | Reached skill level 10 in Armour
   619 | D        | Reached XP level 10. HP: 70/70 MP: 9/18
   620 | D        | Killed a brown ugly thing
   620 | D        | Killed a brown ugly thing
   621 | D        | Reached skill level 5 in Spellcasting
   621 | D        | Reached skill level 11 in Invocations
   621 | D        | a sea snake changed into a swamp worm
   622 | D        | Killed a brown ugly thing
   622 | D        | Noticed a glowing orange brain
   622 | D        | a swamp worm changed into a glowing orange brain
   625 | D        | Killed a glowing orange brain
   662 | D        | Entered arena 10.
   663 | D        | Found a transporter.
   667 | D        | Reached skill level 12 in Invocations
   681 | D        | Entered arena 11.
   681 | D        | Noticed a black mamba
   681 | D        | Noticed a naga mage
   681 | D        | Noticed a black mamba
   682 | D        | Found the +8 trident of the Octopus King {venom, rElec
                  | rPois Will+}
   682 | D        | Found a transporter.
   684 | D        | Killed a black mamba
   686 | D        | Killed a black mamba
   689 | D        | Killed a naga mage
   690 | D        | Reached XP level 11. HP: 70/76 MP: 6/20
   694 | D        | Got the ring "Wacugg" {Fire +Inv rPois Str-2}
   696 | D        | Got the ring "Pococ" {*Corrode rN+ Will+++ Dex-3 Stlth+}
   770 | D        | Entered arena 12.
   770 | D        | Noticed a wolf spider
   770 | D        | Noticed a wolf spider
   770 | D        | Noticed a moth of wrath
   770 | D        | Noticed a wolf spider
   770 | D        | Noticed an orb spider
   770 | D        | Noticed a wolf spider
   773 | D        | Found the +8 Wrath of Trog {antimagic, *Rage}
   773 | D        | Killed a wolf spider
   773 | D        | Killed a wolf spider
   773 | D        | Killed an orb spider
   773 | D        | Killed a wolf spider
   774 | D        | Reached skill level 5 in Shields
   774 | D        | Reached skill level 13 in Invocations
   774 | D        | Killed a wolf spider
   777 | D        | Reached skill level 14 in Invocations
   778 | D        | Found a transporter.
   779 | D        | Killed a moth of wrath
   840 | D        | Entered arena 13.
   840 | D        | Noticed an orc high priest
   840 | D        | Noticed a stone giant
   841 | D        | Found the +10 morningstar "Eos" {elec, Halo rElec}
   841 | D        | Noticed an orc sorcerer
   841 | D        | Noticed an orc knight
   841 | D        | Identified the cursed +1 robe of the Ten Ultimatums {+Blink
                  | +Fly Int-3 Slay+6}
   841 | D        | Noticed an orc sorcerer
   841 | D        | Identified the amulet of the Crushed Thickets {Faith Int+4}
   841 | D        | Noticed an orc sorcerer
   842 | D        | Identified the +8 morningstar of the Walnut {freeze, +Fly
                  | Will+ Stlth+}
   842 | D        | Killed an orc sorcerer
   843 | D        | Found a transporter.
   843 | D        | Noticed a soul eater
   844 | D        | Killed an orc sorcerer
   844 | D        | Killed an orc sorcerer
   844 | D        | Killed a stone giant
   844 | D        | Killed an orc knight
   845 | D        | Reached skill level 15 in Invocations
   845 | D        | Reached XP level 12. HP: 78/82 MP: 9/24
   846 | D        | Killed an orc high priest
   923 | D        | Entered arena 14.
   923 | D        | Noticed a deep elf blademaster
   924 | D        | Noticed a deep elf knight
   924 | D        | Noticed a deep elf master archer
   924 | D        | Noticed a deep elf high priest
   925 | D        | Noticed a deep elf high priest
   926 | D        | Found a transporter.
   928 | D        | Reached skill level 15 in Maces & Flails
   928 | D        | Reached skill level 16 in Invocations
   930 | D        | Killed a deep elf knight
   930 | D        | Killed a deep elf high priest
   930 | D        | Killed a deep elf master archer
   931 | D        | Reached skill level 17 in Invocations
   934 | D        | Killed a deep elf blademaster
   942 | D        | Killed a deep elf high priest
   943 | D        | Reached skill level 10 in Spellcasting
   952 | D        | Reached XP level 13. HP: 39/88 MP: 5/27
  1156 | D        | Entered arena 15.
  1156 | D        | Noticed an emperor scorpion
  1157 | D        | Noticed an emperor scorpion
  1164 | D        | Reached skill level 18 in Invocations
  1171 | D        | Killed an emperor scorpion
  1172 | D        | Reached skill level 15 in Armour
  1173 | D        | Found a transporter.
  1188 | D        | Killed an emperor scorpion
  1189 | D        | Reached skill level 10 in Shields
  1206 | D        | Killed Hyrulir the pandemonium lord
  1609 | D        | Got the ring "Qarit" {Int+4 Dex+6 Stlth+}
  1615 | D        | Entered arena 16.
  1616 | D        | Noticed a vampire knight
  1634 | D        | Killed a vampire knight
  1640 | D        | Found a transporter.
  1891 | D        | Killed a rakshasa
  1894 | D        | Entered arena 17.
  1896 | D        | Noticed a vault guard
  1896 | D        | Noticed a vault guard
  1896 | D        | Noticed a lich
  1896 | D        | Noticed a vault guard
  1897 | D        | Noticed a vault guard
  1897 | D        | Noticed a vault guard
  1897 | D        | Noticed a yaktaur captain
  1897 | D        | Noticed a stone giant
  1897 | D        | Noticed a vault guard
  1897 | D        | Noticed a vault guard
  1898 | D        | Identified the +5 quarterstaff "Goenas" {antimagic, rN+}
  1898 | D        | Noticed a vault guard
  1899 | D        | Killed a yaktaur captain
  1899 | D        | Killed a vault guard
  1899 | D        | Killed a lich
  1900 | D        | Reached skill level 19 in Invocations
  1903 | D        | Killed a vault guard
  1903 | D        | Killed a vault guard
  1907 | D        | Killed a stone giant
  1907 | D        | Killed a vault guard
  1907 | D        | Killed a vault guard
  1907 | D        | Killed a vault guard
  1908 | D        | Gained mutation: Your large and strong wings let you fly
                  | indefinitely. [Gargoyle growth]
  1908 | D        | Reached XP level 14. HP: 84/95 MP: 20/30
  1912 | D        | Found a transporter.
  1929 | D        | Entered arena 18.
  1934 | D        | Found a transporter.
  1936 | D        | Reached skill level 20 in Invocations
  2188 | D        | Entered arena 19.
  2190 | D        | Noticed an emperor scorpion
  2191 | D        | Noticed an entropy weaver
  2192 | D        | Killed an entropy weaver
  2193 | D        | Reached skill level 21 in Invocations
  2202 | D        | Killed an emperor scorpion
  2204 | D        | Found a transporter.
  2236 | D        | Entered arena 20.
  2240 | D        | Noticed a reaper
  2240 | D        | Noticed a reaper
  2241 | D        | Noticed a reaper
  2242 | D        | Found the amulet of the Four Winds {rN+ Will+++ Clar}
  2243 | D        | Found the macabre finger necklace {rN+}
  2243 | D        | Killed a reaper
  2243 | D        | Killed a reaper
  2244 | D        | Reached skill level 15 in Shields
  2245 | D        | Reached XP level 15. HP: 60/101 MP: 12/32
  2245 | D        | Found a transporter.
  2255 | D        | Got the ring of Weyq {Str+4 SInv}
  2420 | D        | Entered arena 21.
  2423 | D        | Identified the +4 staff of Dispater
  2423 | D        | Noticed Dispater
  2423 | D        | Noticed Sigmund
  2423 | D        | Noticed Psyche
  2424 | D        | Noticed Xtahua
  2424 | D        | Noticed Ilsuiw
  2424 | D        | Noticed Ignacio
  2424 | D        | Noticed Terence
  2424 | D        | Identified the +1 kite shield of Noon {Dex+2}
  2424 | D        | Noticed Donald
  2425 | D        | Identified the +7 sceptre of Asmodeus
  2425 | D        | Noticed Asmodeus
  2425 | D        | Noticed Boris
  2425 | D        | Noticed Snorg
  2425 | D        | Noticed Duvessa
  2425 | D        | Identified Roxanne's Guide on the Rocks
  2425 | D        | Noticed Roxanne
  2425 | D        | Noticed Nergalle
  2425 | D        | Noticed Khufu
  2425 | D        | Noticed Blork the orc
  2425 | D        | Noticed Azrael
  2426 | D        | Noticed an emperor scorpion
  2426 | D        | Noticed Rupert
  2426 | D        | Killed Duvessa
  2426 | D        | Noticed Joseph
  2426 | D        | Noticed an emperor scorpion
  2426 | D        | Noticed an emperor scorpion
  2427 | D        | Killed Sigmund
  2427 | D        | Killed Nergalle
  2427 | D        | Killed Terence
  2427 | D        | Killed Blork the orc
  2427 | D        | Killed Azrael
  2427 | D        | Killed Donald
  2427 | D        | Killed Xtahua
  2427 | D        | Noticed an emperor scorpion
  2428 | D        | Reached skill level 15 in Fighting
  2428 | D        | Reached skill level 22 in Invocations
  2428 | D        | Killed Boris
  2428 | D        | Killed Nessos
  2428 | D        | Killed Joseph
  2428 | D        | Killed Rupert
  2428 | D        | Noticed the Serpent of Hell
  2429 | D        | Reached skill level 23 in Invocations
  2429 | D        | Noticed a Tzitzimitl
  2429 | D        | Noticed a shadow dragon
  2429 | D        | Noticed Erolcha
  2429 | D        | Killed Psyche
  2432 | D        | Noticed a shadow dragon
  2434 | D        | Noticed a balrug
  2434 | D        | Killed Erolcha
  2434 | D        | Killed Snorg
  2434 | D        | Killed Khufu
  2434 | D        | Killed Ilsuiw
  2435 | D        | Noticed Margery
  2439 | D        | Killed Margery
  2439 | D        | HP: 3/103 [the Serpent of Hell/blast of flame (10)]
  2439 | D        | Killed from afar by the Serpent of Hell

Illustrated notes

Levels and vault maps discovered:
D:        sprint_v [room_start, room_1, room_2, room_3, room_4, room_5, room_6,
          room_7, room_8, room_9, room_10, room_11, room_12, room_13, room_14,
          room_15, room_16, room_17, room_18, room_19, room_20, room_21,
          room_22, room_23, room_24, room_25, room_26, room_27]

Skill      XL: |  1  2  3  4  5  6  7  8  9 10 11 12 13 14 15 |
---------------+----------------------------------------------+-----
Fighting       | 4 5 6 8 9 10 11 12 13 14 15 | 15.3
Maces & Flails | 4 5 6 7 8 10 12 13 14 15 16 17 18 | 18.5
Armour         | 3 4 6 7 8 9 10 11 13 14 17 18 20 | 20.6
Dodging        | 3 4 5 6 7 |  7.4
Spellcasting   | 2 4 6 8 10 12 13 14 | 14.9
Invocations    | 3 4 5 7 9 10 12 15 17 19 21 23 | 23.9
Shields        | 2 3 4 6 8 12 15 16 | 16.3
Stealth        | |  2.1

Action                   |  1- 3 |  4- 6 |  7- 9 | 10-12 | 13-15 || total
-------------------------+-------+-------+-------+-------+-------++-------
Melee: Great mace        |     1 |    11 |    19 |    39 |    76 ||   146
Invok: Upheaval          |       |     1 |       |     5 |     2 ||     8
       Disaster Area     |       |       |     3 |     4 |    12 ||    19
       Elemental Force   |       |       |       |       |     3 ||     3
  Use: Potion            |     1 |       |       |       |     6 ||     7
Armor: Gold dragon scale |       |    10 |    19 |    35 |   285 ||   349
Dodge: Dodged            |     1 |     9 |    12 |    12 |   104 ||   138
       Repelled          |       |       |       |       |     2 ||     2
Block: Other             |       |     6 |    13 |    45 |   163 ||   227

Table legend: (Time is in decaauts)
 A = Elapsed time spent in this place.
 B = Non-inter-level travel time spent in this place.
 C = Inter-level travel time spent in this place.
 D = Time resting spent in this place.
 E = Time spent auto-exploring this place.
 F = Levels seen in this place.
 G = Mean time per level.
                   A        B        C        D        E       F      G
               +--------+--------+--------+--------+--------+-----+--------+
         Total |   2463 |   2463 |      0 |   1826 |      0 |   1 | 2463.0 |
       Dungeon |   2463 |   2463 |      0 |   1826 |      0 |   1 | 2463.0 |
               +--------+--------+--------+--------+--------+-----+--------+

Top non-repeatable levels by time:
       D: 2463 daAuts
